 Dungeon Crawl Stone Soup version 0.31-a0-240-gb923e448b6 (webtiles) character file.

Game seed: 13536036861674255199

46 qw the Shooter (level 3, -4/29 HPs)
             Began as a Minotaur Hexslinger on July 11, 2023.
             Slain by Grinder (5 damage)
             ... while paralysed by Grinder
             ... on level 3 of the Dungeon.
             The game lasted 00:00:30 (1418 turns).

qw the Shooter (Minotaur Hexslinger)                Turns: 1418, Time: 00:00:30

Health: -4/29      AC:  8    Str: 12    XL:     3   Next: 44%
Magic:  3/3        EV:  2    Int: 10    God:
Gold:   27         SH:  0    Dex: 14    Spells: 3/4 levels left

rFire   . . .        Y - +1 sling
rCold   . . .        (no shield)
rNeg    . . .        a - +0 ring mail
rPois   .            (helmet restricted)
rElec   .            (no cloak)
rCorr   .            d - +2 pair of gloves {hurl}
SInv    .            (no boots)
Will    .....        (no amulet)
Stlth   +            (no ring)
HPRegen 0.24/turn    (no ring)
MPRegen 0.08/turn

%: no passive effects
@: paralysed
A: horns 2, retaliatory headbutt
a: no special abilities


You were on level 3 of the Dungeon.
You visited 1 branch of the dungeon, and saw 3 of its levels.

You collected 27 gold pieces.


Innate Abilities, Weirdness & Mutations

You have a pair of horns on your head.
You reflexively headbutt those who attack you in melee.


   Skills:
 - Level 2.0 Fighting
 - Level 4.0 Ranged Weapons
 + Level 0.2 Armour
 - Level 2.1 Dodging
 - Level 1.0 Spellcasting
 - Level 2.0 Hexes


You had 3 spell levels left.
You knew the following spells:

 Your Spells              Type           Power      Damage    Failure   Level
a - Slow                  Hex            16%        N/A       34%         1

Your spell library contained the following spells:

 Spells                   Type           Power      Damage    Failure   Level
 Inner Flame              Hex/Fire       2%         N/A       83%         3
 Portal Projectile        Hex/Tloc       4%         N/A       83%         3
 Cause Fear               Hex            2%         N/A       98%         4

Inventory:

Hand Weapons
 Y - a +1 sling (weapon)
Armour
 a - a +0 ring mail (worn)
 d - a +2 pair of gloves of hurling (worn)

Dungeon Overview and Level Annotations

Branches:
Dungeon (3/15)

Altars:

Annotations:
D:3 Grinder


Message History

The sling bullet completely misses Grinder.
Grinder gestures at you.
You suddenly lose the ability to move!
Grinder hits you but does no damage. x3
Grinder says, "DUCK!"
Grinder hits you.
You writhe in agony.
You can move again.
You shoot a sling bullet. The sling bullet hits Grinder.
Grinder is lightly wounded.
Grinder gestures at you. Pain shoots through your body! Grinder hits you.
You shoot a sling bullet. The sling bullet hits Grinder.
Grinder is moderately wounded.
Grinder barely misses you.
You shoot a sling bullet. The sling bullet barely misses Grinder.
Grinder blinks!
You start resting.
Grinder is nearby!
1400 ||| FLEEEEING.
1401 ||| STILL FLEEEEING.
1402 ||| STILL FLEEEEING.
1403 ||| STILL FLEEEEING.
1404 ||| STILL FLEEEEING.
1405 ||| STILL FLEEEEING.
1406 ||| STILL FLEEEEING.
1407 ||| STILL FLEEEEING.
1408 ||| STILL FLEEEEING.
1409 ||| STILL FLEEEEING.
You start resting.
Grinder is nearby!
You shoot a sling bullet. The sling bullet hits Grinder.
Grinder is moderately wounded.
Grinder gestures at you.
You suddenly lose the ability to move!
Grinder gestures at you. You resist with significant effort.
Grinder hits you. x2
You writhe in agony.
Grinder hits you.
You writhe in agony.
You die...

#..####..# #
#....##..#.#.#. .
##.#...........
....####.####.##.....
#.................##
###..#####.#######.##
.... ...##.#
.....##.##.#
#....@5.#
########.####
#####........#
#.....#####%.#
#.....#####..#
#........##....
#....)##.##.#.##
#<....##.##.#.#
#####.......#.#


You could see Grinder.

Vanquished Creatures
  A worm (D:3)
  3 dart slugs (D:2)
  4 ball pythons
  4 endoplasms (D:2)
  A giant cockroach (D:1)
  6 goblins
  2 hobgoblins
  3 quokkas (D:2)
  2 bats (D:2)
  2 frilled lizards (D:2)
  A kobold (D:2)
  7 rats
36 creatures vanquished.

Notes
Turn   | Place    | Note
-------+----------+-------------------------------------------
     0 | D:1      | qw the Minotaur Hexslinger began the quest for the Orb.
     0 | D:1      | Reached XP level 1. HP: 16/16 MP: 1/1
     0 | D:1      | 0 ||| qw: Version: 0.3-a-52-g30416fa
     0 | D:1      | 0 ||| qw: Game counter: 6119
     0 | D:1      | 0 ||| qw: Melee chars always use a shield: true
     0 | D:1      | 0 ||| qw: God list: Okawaru
     0 | D:1      | 0 ||| qw: Allow faded altars: false
     0 | D:1      | 0 ||| qw: Do Orc after clearing Dungeon:15 true
     0 | D:1      | 0 ||| qw: Do second Lair branch before Depths: true
     0 | D:1      | 0 ||| qw: Lair rune preference: random
     0 | D:1      | 0 ||| qw: Goals: Normal
     0 | D:1      | 0 ||| PLANNING D:1-11
   214 | D:1      | Reached skill level 3 in Ranged Weapons
   239 | D:1      | Reached XP level 2. HP: 23/23 MP: 2/2
   350 | D:1      | Found a faded altar of an unknown god.
   552 | D:1      | 552 ||| READING scroll labelled WANOSH UTITZ.
   553 | D:1      | 553 ||| READING scroll labelled JOCVERPHUXY.
   554 | D:1      | 554 ||| DROPPING scroll of poison.
   618 | D:2      | Identified the +9 hand axe "Ultimatum" {vamp, Fly Str+2
                  | Dex+2}
   839 | D:2      | Reached XP level 3. HP: 29/29 MP: 3/3
  1044 | D:2      | 1044 ||| FLEEEEING.
  1045 | D:2      | 1045 ||| FLEEEEING.
  1197 | D:2      | 1197 ||| UPGRADING to +0 ring mail.
  1207 | D:2      | 1207 ||| DROPPING +0 robe.
  1208 | D:2      | 1208 ||| UPGRADING to +2 pair of gloves of hurling.
  1213 | D:2      | 1213 ||| READING scroll labelled OLEIDU HEOBUM.
  1214 | D:2      | 1214 ||| READING scroll labelled ERYONW TUBLOX.
  1315 | D:2      | 1315 ||| READING scroll labelled KYOROHUAFE.
  1352 | D:3      | Reached skill level 4 in Ranged Weapons
  1377 | D:3      | Noticed Grinder
  1383 | D:3      | Paralysed by Grinder for 5 turns
  1389 | D:3      | Paralysed by Grinder for 5 turns
  1394 | D:3      | HP: 6/29 [Grinder/nerve-wracking pain (12)]
  1400 | D:3      | 1400 ||| FLEEEEING.
  1414 | D:3      | Paralysed by Grinder for 5 turns
  1417 | D:3      | HP: 7/29 [Grinder (3)]
  1418 | D:3      | HP: 1/29 [Grinder (5)]
  1418 | D:3      | Slain by Grinder

Levels and vault maps discovered:
D:1:      lightli_arrival_isolated_outpost, layout_loops_ring,
          shapermc_ecumenical_altar_totnotflames
D:2:      layout_basic
D:3:      layout_loops_cross, hangedman_abyss_or_decor_lesser_grid,
          kennysheep_generic_room_13, uniq_ijyb, uniq_grinder

Skill      XL: |  1  2  3 |
---------------+----------+-----
Ranged Weapons | 3 4 |  4.0
Fighting       | 2 |  2.0
Armour         | |  0.2
Dodging        | |  2.1
Spellcasting   | |  1.0
Hexes          | |  2.0

Action                     || total
---------------------------++-------
   Fire: Sling             ||    94
    Use: Scroll            ||     5
 Armour: Robe              ||     1
         Ring mail         ||     4
  Dodge: Dodged            ||    14

Table legend:
 A = Non-vault XP
 B = Vault XP
 C = Vault XP percentage of total XP
 D = Non-vault monster count
 E = Vault monster count
 F = Vault count percentage of total count
                 A         B        C        D         E       F
            +---------+---------+-------+---------+---------+-------
      Total |      66 |       0 |   0.0 |      36 |       0 |   0.0
            +---------+---------+-------+---------+---------+-------
        D:1 |      15 |       0 |   0.0 |       9 |       0 |   0.0
        D:2 |      42 |       0 |   0.0 |      23 |       0 |   0.0
        D:3 |       9 |       0 |   0.0 |       4 |       0 |   0.0
            +---------+---------+-------+---------+---------+-------
